 Dungeon Crawl Stone Soup version 0.21-a0-127-g329daca (webtiles) character file.

80159 Kythnos the Unseen (level 15, -3/78 HPs)
             Began as a Spriggan Enchanter on July 16, 2017.
             Was a High Priest of Dithmenos.
             Slain by a death yak (12 damage)
             ... on level 6 of the Lair of Beasts.
             The game lasted 01:31:43 (37064 turns).

Kythnos the Unseen (Spriggan Enchanter)            Turns: 37064, Time: 01:31:43

Health: -3/78      AC: 10    Str:  8    XL:     15   Next: 23%
Magic:  22/33      EV:  4    Int: 19    God:    Dithmenos [*****.]
Gold:   1519       SH:  0    Dex: 17    Spells: 20/41 levels left

rFire    + . .     SeeInvis +   F - +0 short sword (venom)
rCold    . . .     Gourm    .   (shield restricted)
rNeg     + + +     Faith    .   b - +2 robe
rPois    ∞         Spirit   .   (helmet restricted)
rElec    .         Reflect  .   r - +2 cloak
rCorr    .         Harm     .   (gloves unavailable)
MR       ++...                  (boots unavailable)
Stlth    ++++++++++             (no amulet)
HPRegen  0.23/turn              Y - +3 ring of protection
MPRegen  0.23/turn              o - ring of poison resistance

@: petrified, wreathed by umbra, very quick
A: unfitting armour, horns 1, see invisible, fire resistance 1, herbivore 3,
speed 3, slow metabolism 2
a: Shadow Step, Shadow Form, Renounce Religion


You were on level 6 of the Lair of Beasts.
You worshipped Dithmenos.
Dithmenos was extremely pleased with you.
You were not hungry.

You visited 3 branches of the dungeon, and saw 22 of its levels.
You also visited: Labyrinth.

You collected 1519 gold pieces.

Inventory:

Hand Weapons
 a - a +2 dagger
 c - a +2 short sword of speed
 C - a +0 dagger of venom
 F - a +0 short sword of venom (weapon)
Missiles
 s - 5 throwing nets (quivered)
Armour
 b - a +2 robe (worn)
 r - a +2 cloak (worn)
Jewellery
 o - a ring of poison resistance (right hand)
 u - an uncursed ring of protection from cold
 J - an uncursed ring of fire
 K - an uncursed ring of fire
 Y - a +3 ring of protection (left hand)
Wands
 h - a wand of lightning (7/15)
 n - a wand of digging (13/24)
 A - a wand of confusion (31/48)
 E - a wand of digging (13/24)
 N - a wand of digging (8/24)
 X - a wand of paralysis (16/24)
Scrolls
 e - 2 scrolls of blinking
 i - 4 scrolls of fog
 j - 5 scrolls of recharging
 t - 5 scrolls of identify
 v - 3 scrolls of enchant weapon
 w - 8 scrolls of remove curse
 x - 5 scrolls of fear
 y - a scroll of silence
 B - 5 scrolls of teleportation
 L - 3 scrolls of enchant armour
Potions
 d - 2 potions of brilliance
 g - 2 potions of haste
 k - 5 potions of lignification
 l - 2 potions of heal wounds
 m - 10 potions of curing
 p - 2 potions of mutation
 q - a potion of berserk rage
 z - a potion of cancellation
 D - 4 potions of ambrosia
 R - 2 potions of magic
Miscellaneous
 Q - a lightning rod (4/4)
Comestibles
 f - 8 bread rations
 U - 12 fruits
 W - a royal jelly


   Skills:
 + Level 8.9 Fighting
 + Level 11.7 Short Blades
 + Level 14.8 Dodging
 + Level 19.2 Stealth
 + Level 13.5 Spellcasting
 + Level 13.5 Hexes


You had 20 spell levels left.
You knew the following spells:

 Your Spells              Type           Power        Failure   Level  Hunger
a - Ensorcelled Hibernat  Hex/Ice        #####.       1%          2    None
b - Corona                Hex            ######.      1%          1    None
c - Confuse               Hex            ######..     1%          3    None
d - Tukima's Dance        Hex            ######..     1%          3    None
e - Dazzling Spray        Conj/Hex       #####.       1%          3    None
f - Cause Fear            Hex            ######....   1%          4    None
g - Spectral Weapon       Hex/Chrm       #####...     1%          3    None
h - Blink                 Tloc           N/A          8%          2    None


Dungeon Overview and Level Annotations

Branches:
Dungeon (15/15)            Temple (1/1) D:4            Lair (6/6) D:11
  Swamp (0/4) Lair:4       Spider (0/4) Lair:4        Slime (0/5) Lair:5
    Orc (0/2) D:11         Vaults (0/5) D:14
 Depths: D:15

Altars:
Ashenzari
Cheibriados
Dithmenos
Elyvilon
Fedhas
Gozag
Hepliaklqana
Kikubaaqudgha
Makhleb
Nemelex Xobeh
Okawaru
Qazlal
Ru
Sif Muna
Trog
Uskayaw
Vehumet
Wu Jian
Xom
Yredelemnul
Zin
The Shining One

Shops:
D:11 (

Annotations:
D:13 exclusion: oklob plant


Innate Abilities, Weirdness & Mutations

You are very small and have problems with some larger weapons.
You are too small for most types of armour.
You have supernaturally acute eyesight. (SInv)
You are a herbivore.
You cover ground extremely quickly.
You need consume almost no food.
You have a pair of small horns on your head.
Your flesh is heat resistant. (rF+)


Message History

You impale the catoblepas!!
The catoblepas looks as sick as possible!
The catoblepas is almost dead.
You are engulfed in calcifying dust.
Your limbs have turned to stone.
You have turned to stone.
You are engulfed in calcifying dust.
You kill the catoblepas!
Dithmenos accepts your kill.
The death yak is no longer blind.
The death yak gores you! The death yak gores you!! The death yak gores you!!
The death yak gores you. The death yak gores you! x2
* * * LOW HITPOINT WARNING * * *
The death yak is no longer petrified.
The death yak barely misses you. The death yak gores you!!
* * * LOW HITPOINT WARNING * * *
The death yak gores you!!
You die...

#..##.8.,8,,8,,*,,,*
##..#.÷..*,8,÷.**,,,,
#...#÷...*,,...*,,,,*
#♣.P#...##*#.8.*,,,*,
#.P.#....##....*,,,,,
#...#....#..8.#*,,,,*
##..##.....÷..#,,,,**
##..#YY....#**,,,**
##@#†...###,,,,,*
#YY†÷.##,,,,,,**
#♣....##P..,,,**
#...........***
##..P#######* #.###
###


You could see 2 death yaks.

Vanquished Creatures
  Nessos (D:13)
  Azrael (D:13)
  Snorg (D:13)
  A minotaur (Lab)
  Harold (Lair:4)
  4 vault guards (D:14)
  A catoblepas (Lair:6)
  8 hydras
  4 centaur warriors
  3 death yaks (Lair:6)
  A tengu warrior (D:14)
  A death knight (D:14)
  10 two-headed ogres
  Urug (Lair:3)
  4 skeletal warriors (D:14)
  A hell knight (D:12)
  3 unseen horrors
  A wizard (D:12)
  3 orc knights
  A wolf spider (Lair:4)
  4 deep elf magi
  5 oklob plants
  4 cyclopes
  9 ugly things
  2 manticores
  Maurice (D:13)
  5 centaur zombies
  The ghost of dricus the Cleaver, a novice MiFi (D:4)
  An elephant (Lair:4)
  3 black mambas
  6 gargoyles
  9 spiny frogs
  2 kobold demonologists
  A rime drake (Lair:5)
  8 komodo dragons
  A tengu conjurer (D:14)
  3 polar bears
  3 minotaur zombies (Lab)
  4 blink frogs (Lair:4)
  A hornet (shapeshifter) (D:12)
  6 hippogriffs
  A meliai zombie (D:14)
  3 slime creatures
  A centaur simulacrum (D:14)
  6 dream sheep (Lair:4)
  Sigmund (D:3)
  A vampire (D:12)
  A water elemental (D:14)
  A shadow (D:14)
  A wyvern (D:11)
  3 wraiths
  3 basilisks
  4 fire elementals
  46 yaks
  3 hungry ghosts
  4 vampire mosquitoes
  3 swamp worms (Lair:4)
  3 acid dragons
  2 soldier ants
  2 hell hounds (D:13)
  11 water moccasins
  9 porcupines
  A meliai simulacrum (D:14)
  A hornet zombie (D:12)
  A sky beast (D:7)
  2 ice beasts
  9 orc warriors
  2 eyes of draining
  A black bear (D:8)
  A phantom (D:8)
  4 necrophages
  13 ogres
  6 wolves (Lair:6)
  11 centaurs
  9 crocodiles
  18 bullfrogs
  14 big kobolds
  A wyvern zombie (D:12)
  2 scorpions
  9 killer bees
  3 electric eels
  12 wights
  3 howler monkeys
  9 crimson imps
  A bullfrog zombie (D:8)
  A quasit (D:6)
  9 orc wizards
  11 hounds
  4 jellies
  8 orc priests
  2 centaur skeletons
  2 bullfrog skeletons
  4 iguanas
  11 worker ants
  A hound skeleton (D:5)
  8 gnolls
  19 adders
  4 shadow imps
  2 adder zombies
  2 worms
  3 dart slugs
  5 leopard geckos
  47 orcs
  5 ball pythons
  8 bats
  6 giant cockroaches
  6 goblins
  6 hobgoblins
  10 jackals
  A jackal (shapeshifter) (D:12)
  6 quokkas
  6 frilled lizards
  27 kobolds
  A leopard gecko zombie (D:9)
  A quokka skeleton (D:9)
  4 rats
  2 plants
604 creatures vanquished.

Vanquished Creatures (collateral kills)
  An orc warrior (D:11)
  2 gnolls (D:6)
  6 orcs
9 creatures vanquished.

Vanquished Creatures (others)
  2 slime creatures (D:13)
  3 dancing weapons
  3 bushes (D:12)
  12 plants
20 creatures vanquished.

Grand Total: 633 creatures vanquished

Notes
Turn   | Place    | Note
-------+----------+-------------------------------------------
     0 | D:1      | Kythnos the Spriggan Enchanter began the quest for the Orb.
     0 | D:1      | Reached XP level 1. HP: 9/9 MP: 5/5
   355 | D:1      | Reached XP level 2. HP: 6/13 MP: 5/7
   359 | D:1      | Learned a level 2 spell: Ensorcelled Hibernation
  1336 | D:1      | Reached XP level 3. HP: 16/16 MP: 9/9
  1341 | D:1      | Learned a level 3 spell: Confuse
  1345 | D:1      | Learned a level 3 spell: Tukima's Dance
  2558 | D:1      | Reached XP level 4. HP: 12/21 MP: 4/11
  2781 | D:2      | Reached skill level 5 in Hexes
  3052 | D:2      | Found a sparkling altar of Nemelex Xobeh.
  3527 | D:2      | Found an opulent altar of Gozag.
  3532 | D:2      | Found a shattered altar of Ashenzari.
  3532 | D:2      | Found an iron altar of Okawaru.
  3532 | D:2      | Found a deep blue altar of Sif Muna.
  3534 | D:2      | Found a shimmering altar of Xom.
  3535 | D:2      | Found a white marble altar of Elyvilon.
  3536 | D:2      | Found a hide-covered altar of Uskayaw.
  3574 | D:2      | Reached skill level 5 in Spellcasting
  3729 | D:2      | Reached XP level 5. HP: 24/24 MP: 10/13
  3993 | D:3      | Noticed Sigmund
  4169 | D:3      | Found an ancient bone altar of Kikubaaqudgha.
  4183 | D:3      | Reached skill level 5 in Stealth
  4695 | D:3      | Killed Sigmund
  4695 | D:3      | Reached skill level 7 in Stealth
  4695 | D:3      | Reached XP level 6. HP: 28/28 MP: 9/14
  4733 | D:3      | Reached skill level 8 in Stealth
  5125 | D:3      | Found a faded altar of an unknown god.
  5583 | D:4      | Reached skill level 9 in Stealth
  5748 | D:4      | Reached skill level 10 in Stealth
  5748 | D:4      | Reached XP level 7. HP: 13/32 MP: 4/15
  6054 | D:4      | Found a staircase to the Ecumenical Temple.
  6066 | Temple   | Entered the Ecumenical Temple
  6184 | Temple   | Became a worshipper of Dithmenos the Shadowed
  6467 | D:4      | Noticed dricus's ghost (novice MiFi)
  6990 | D:4      | Reached skill level 11 in Stealth
  7348 | D:4      | Killed dricus's ghost
  7348 | D:4      | Reached skill level 12 in Stealth
  7348 | D:4      | Reached XP level 8. HP: 36/36 MP: 13/16
  7570 | D:5      | Entered Level 5 of the Dungeon
  7925 | D:5      | Found a radiant altar of Vehumet.
  8187 | D:5      | Learned a level 3 spell: Dazzling Spray
  9923 | D:6      | Reached skill level 1 in Fighting
  9923 | D:6      | Reached skill level 13 in Stealth
 10370 | D:6      | Reached * piety under Dithmenos
 10649 | D:6      | Reached skill level 5 in Dodging
 10814 | D:6      | Reached XP level 9. HP: 42/42 MP: 5/19
 10998 | D:6      | Found a bloodstained altar of Trog.
 12910 | D:7      | Noticed a gargoyle
 13136 | D:7      | Killed a gargoyle
 13406 | D:7      | Reached skill level 14 in Stealth
 13533 | D:7      | Noticed a gargoyle
 13859 | D:7      | Killed a gargoyle
 13863 | D:7      | Reached XP level 10. HP: 49/49 MP: 3/22
 14128 | D:7      | Noticed a gargoyle
 14142 | D:7      | Killed a gargoyle
 14246 | D:7      | Noticed a gargoyle
 15062 | D:7      | Killed a gargoyle
 15062 | D:7      | Reached ** piety under Dithmenos
 15460 | D:8      | Noticed a two-headed ogre
 15473 | D:8      | Killed a two-headed ogre
 15473 | D:8      | Reached skill level 5 in Short Blades
 16785 | D:9      | Noticed a two-headed ogre
 16792 | D:9      | Killed a two-headed ogre
 16944 | D:9      | Found a glowing silver altar of Zin.
 17023 | D:9      | Reached skill level 15 in Stealth
 17188 | D:10     | Entered Level 10 of the Dungeon
 17188 | D:10     | Found a white marble altar of Elyvilon.
 17700 | D:10     | Learned a level 4 spell: Cause Fear
 17783 | D:10     | Reached *** piety under Dithmenos
 18081 | D:10     | Reached XP level 11. HP: 54/54 MP: 19/24
 18434 | D:10     | Noticed an unseen horror
 18445 | D:10     | Killed an unseen horror
 18655 | D:10     | Noticed a centaur warrior
 19259 | D:10     | Killed a centaur warrior
 19259 | D:10     | Reached skill level 5 in Fighting
 19669 | D:11     | Found Deixusytt's Weapon Emporium.
 19669 | D:11     | Found a staircase to the Orcish Mines.
 19670 | D:11     | Noticed an orc knight
 19672 | D:11     | Noticed an orc knight
 20117 | D:11     | Killed an orc knight
 20132 | D:11     | Killed an orc knight
 20132 | D:11     | Reached skill level 10 in Dodging
 20348 | D:11     | Noticed a cyan ugly thing
 20369 | D:11     | Found a staircase to the Lair.
 20649 | D:11     | Reached **** piety under Dithmenos
 20995 | D:11     | Noticed an unseen horror
 20999 | D:11     | Killed an unseen horror
 20999 | D:11     | Reached skill level 16 in Stealth
 21096 | D:11     | Reached skill level 10 in Spellcasting
 21571 | D:11     | Noticed a two-headed ogre
 21575 | D:11     | Noticed a cyan ugly thing
 21577 | D:11     | Killed a two-headed ogre
 21577 | D:11     | Reached skill level 10 in Hexes
 21577 | D:11     | Reached XP level 12. HP: 60/60 MP: 20/27
 22699 | D:12     | Noticed a two-headed ogre
 22723 | D:12     | Killed a two-headed ogre
 23724 | D:12     | Learned a level 3 spell: Spectral Weapon
 23760 | D:12     | Identified the Volume of Enchanting Dark Secrets
 23796 | D:12     | Noticed an anaconda
 24666 | D:12     | Reached skill level 17 in Stealth
 24930 | D:13     | Reached ***** piety under Dithmenos
 24966 | D:13     | Noticed Maurice
 24966 | D:13     | Noticed Azrael
 24968 | D:13     | Noticed a centaur warrior
 24969 | D:13     | Killed Maurice
 25176 | D:13     | Reached XP level 13. HP: 66/66 MP: 20/29
 25288 | D:13     | Found a blossoming altar of Fedhas.
 25294 | D:13     | Noticed Snorg
 25298 | D:13     | Killed Snorg
 25635 | D:13     | Noticed Nessos
 25638 | D:13     | Killed Nessos
 26502 | D:13     | Killed Azrael
 27158 | D:14     | Found a gate to the Vaults.
 27184 | D:14     | Found a labyrinth entrance.
 27198 | Lab      | Entered a labyrinth
 27611 | Lab      | Noticed a minotaur
 27613 | Lab      | Identified Kubet's Compendium of Freezing Stones
 27624 | Lab      | Killed a minotaur
 27627 | Lab      | Got a vibrating platinum amulet
 27636 | Lab      | Identified the amulet "Honivil" {Faith *Slow MR+ Dex+3} (You found it in a labyrinth)
 27891 | D:14     | Reached skill level 10 in Short Blades
 28083 | D:15     | Entered Level 15 of the Dungeon
 28251 | D:14     | Reached skill level 18 in Stealth
 28722 | D:14     | Reached XP level 14. HP: 72/72 MP: 26/31
 31308 | Lair:1   | Entered Level 1 of the Lair of Beasts
 32889 | Lair:2   | Gained mutation: You are weak. (Str -2) [potion of mutation]
 32889 | Lair:2   | Gained mutation: Your spells are a little harder to cast, but a little more powerful. [potion of mutation]
 32889 | Lair:2   | Gained mutation: You have a somewhat thin skeletal structure. (Dex +2, Stealth) [potion of mutation]
 32890 | Lair:2   | Lost mutation: You are weak. (Str -2) [potion of mutation]
 32890 | Lair:2   | Lost mutation: You have a somewhat thin skeletal structure. (Dex +2, Stealth) [potion of mutation]
 32890 | Lair:2   | Lost mutation: Your spells are a little harder to cast, but a little more powerful. [potion of mutation]
 32890 | Lair:2   | Gained mutation: Your flesh is heat resistant. (rF+) [potion of mutation]
 32890 | Lair:2   | Gained mutation: You have a pair of small horns on your head. [potion of mutation]
 33333 | Lair:3   | Learned a level 2 spell: Blink
 33382 | Lair:3   | Reached ****** piety under Dithmenos
 33675 | Lair:3   | Noticed Urug
 33677 | Lair:3   | Killed Urug
 34521 | Lair:4   | Found a hole to the Spider Nest.
 34556 | Lair:4   | Noticed Harold
 34588 | Lair:4   | Killed Harold
 34699 | Lair:4   | Found an iron altar of Okawaru.
 34850 | Lair:4   | Reached XP level 15. HP: 74/78 MP: 16/33
 34862 | Lair:4   | Reached skill level 19 in Stealth
 35107 | Lair:4   | Found a staircase to the Swamp.
 35469 | Lair:5   | Found a stormy altar of Qazlal.
 35692 | Lair:5   | Found a staircase to the Slime Pits.
 36614 | Lair:6   | Entered Level 6 of the Lair of Beasts
 36784 | Lair:6   | Identified a scroll of acquirement
 37064 | Lair:6   | Slain by a death yak

Vault maps used:
D:1:      minmay_arrival_radiant_lines, kennysheep_decorative_pillar
D:2:      minitemple
D:3:      kiku_gazebo_pond_becter, chequers_ecumenical_altar_lobes, first_bread,
          uniq_sigmund
D:4:      cheibrodos_quashed, minmay_temple_entry_hall
D:5:      fiery_altar_vehumet, portal_sewer_entry_d, chequers_big_river,
          serial_bayou_pond_e
D:6:      lemuel_round_altar
D:7:      cheibrodos_statue_roulette
D:9:      lemuel_doored_altar, grunt_ogre_cave
D:10:     special_room, basic_altar
D:11:     lair_entry_dummy, orc_david_3
D:12:     wad_statue_garden
D:13:     tgw_fedhas, uniq_maurice, uniq_snorg, uniq_azrael, uniq_nessos
D:14:     minmay_weird_star, lightli_vaults_fourway_checkpoint,
          nicolae_water_bricks, lab_entry_generic
D:15:     hangedman_depths_entry_try_elsewhere_first, serial_shops,
          nicolae_shop_waterfront, nicolae_gozag_seed_capital,
          minmay_misc_feat_rows
Temple:   jpeg_temple_alley_garden
Lair:1:   grunt_megastairs_3, infiniplex_staircase_pool_2
Lair:2:   minmay_lair_oklob_chamber, lemuel_fruit_tree
Lair:3:   beast_lair_carwin_9, uniq_urug
Lair:4:   nicolae_swamp_entry_splash_gauntlet, spider_nest_entry_rubble,
          basic_altar, grunt_megastairs_2, lemuel_fruit_fields, uniq_harold
Lair:5:   minmay_slime_entry_oklob_enclosed, basic_altar, grunt_megastairs_5
Lair:6:   grunt_lair_end_beastmaster, minivault_29
Lab:      labyrinth_hidden_loot

Skill      XL: |  1  2  3  4  5  6  7  8  9 10 11 12 13 14 15 |
---------------+----------------------------------------------+-----
Spellcasting   | 3 4 5 6 7 8 10 11 12 13 | 13.5
Hexes          | 4 5 6 7 8 10 11 12 13 | 13.5
Stealth        | 7 10 12 13 14 15 16 17 18 19 | 19.2
Dodging        | 5 7 9 10 12 13 14 | 14.8
Fighting       | 1 3 4 5 6 7 8 |  8.9
Short Blades   | 2 4 6 7 9 10 11 | 11.7

Action                   |  1- 3 |  4- 6 |  7- 9 | 10-12 | 13-15 || total
-------------------------+-------+-------+-------+-------+-------++-------
Melee: Dagger            |   151 |   172 |   275 |   621 |   630 ||  1849
       Headbutt          |       |       |       |       |    31 ||    31
       Short sword       |       |       |       |       |    84 ||    84
 Fire: Shortbow          |       |       |       |       |    18 ||    18
 Cast: Corona            |     9 |     1 |       |       |       ||    10
       Ensorcelled Hiber |    28 |    59 |    48 |   107 |    65 ||   307
       Confuse           |       |     3 |    66 |   106 |    97 ||   272
       Tukima's Dance    |       |     1 |     5 |    11 |       ||    17
       Dazzling Spray    |       |       |    15 |    15 |    50 ||    80
       Cause Fear        |       |       |       |       |     1 ||     1
Invok: Shadow Step       |       |       |       |     1 |     9 ||    10
Evoke: Wand              |       |       |       |       |     4 ||     4
  Use: Scroll            |       |     9 |     7 |    12 |    10 ||    38
       Potion            |       |     2 |       |     2 |     6 ||    10
 Stab: Sleeping          |    14 |    32 |    39 |   101 |   127 ||   313
       Confused          |       |     3 |    28 |    60 |    72 ||   163
       Distracted        |       |     1 |     1 |     5 |     4 ||    11
       Invisible         |       |       |     4 |    11 |    14 ||    29
  Eat: Royal jelly       |     1 |       |     2 |     2 |     1 ||     6
       Bread ration      |       |     1 |     1 |     1 |     1 ||     4
       Fruit             |       |       |       |     5 |       ||     5
Armor: Robe              |    19 |     5 |    13 |    34 |    22 ||    93
       Skin              |       |    17 |       |       |       ||    17
Dodge: Dodged            |   155 |   130 |   231 |   434 |   473 ||  1423
